 Dungeon Crawl Stone Soup version 0.31.0-11-ge490571c62 (webtiles) character file.

Game seed: 14272527327103752198

19 qw the Shooter (level 2, -5/14 HPs)
             Began as a Spriggan Hunter on Feb 3, 2024.
             Slain by Terence
             ... wielding a +0 hand axe
              (10 damage)
             ... on level 2 of the Dungeon.
             The game lasted 00:00:02 (518 turns).

qw the Shooter (Spriggan Hunter)                     Turns: 518, Time: 00:00:02

Health: -5/14      AC:  2    Str:  7    XL:     2   Next: 55%
Magic:  3/3        EV: 19    Int: 10    God:
Gold:   35         SH:  0    Dex: 18    Spells: 1/1 levels left

rFire   . . .        a - +0 shortbow (flame)
rCold   . . .        (shield currently unavailable)
rNeg    . . .        c - +0 robe
rPois   .            (helmet restricted)
rElec   .            (no cloak)
rCorr   .            (gloves unavailable)
SInv    +            (boots unavailable)
Will    .....        (no amulet)
Stlth   ++           (no ring)
HPRegen 0.22/turn    (no ring)
MPRegen 0.08/turn

%: no passive effects
@: very quick
A: very small, no large weapons, unfitting armour, see invisible, speed 3
a: no special abilities


You were on level 2 of the Dungeon.
You visited 1 branch of the dungeon, and saw 2 of its levels.

You collected 90 gold pieces.
You spent 55 gold pieces at shops.


Innate Abilities, Weirdness & Mutations

You are very small and have problems with some larger weapons.
You are too small for most types of armour.
You have supernaturally acute eyesight. (SInv)
You cover ground extremely quickly. (Speed+++)


   Skills:
 - Level 1.5 Fighting
 + Level 4.2 Ranged Weapons
 - Level 4.0 Dodging
 - Level 1.5 Stealth


You had one spell level left.
You didn't know any spells.
Your spell library was empty.

Inventory:

Hand Weapons
 a - a +0 shortbow of flaming (weapon)
Armour
 c - a +0 robe (worn)
Scrolls
 b - a scroll of identify
 d - a scroll of teleportation

Dungeon Overview and Level Annotations

Branches:
Dungeon (2/15)

Altars:

Shops:
D:2 ?

Annotations:
D:2 Terence


Message History

Terence misses you.
You shoot an arrow. The arrow hits Terence.
Terence is moderately wounded.
Terence barely misses you.
You shoot an arrow. The arrow hits Terence!
The arrow burns Terence.
Terence is severely wounded.
Terence hits you but does no damage. Terence misses you.
You shoot an arrow. The arrow closely misses Terence.
Terence screams, "I want your blood!" Terence hits you with a +0 hand axe.
You shoot an arrow.
The arrow hits Terence but does no damage.
Terence is severely wounded.
Terence closely misses you.
You shoot an arrow. The arrow closely misses Terence.
Terence closely misses you.
You shoot an arrow.
The arrow hits Terence but does no damage.
Terence is severely wounded.
Terence closely misses you.
You shoot an arrow.
The arrow hits Terence but does no damage.
Terence is severely wounded.
Terence hits you with a +0 hand axe. Terence closely misses you.
You shoot an arrow. The arrow hits Terence.
The arrow burns Terence.
Terence is almost dead.
Terence misses you.
You shoot an arrow.
The arrow hits Terence but does no damage.
Terence is almost dead.
Terence hits you with a +0 hand axe.
You shoot an arrow.
The arrow hits Terence but does no damage.
Terence is almost dead.
Terence completely misses you.
You shoot an arrow. The arrow closely misses Terence.
Terence hits you with a +0 hand axe!
Ouch! That really hurt!
You die...
Terence says, "That felt goooood."

.................>..
......#.##...##.#.
#####......\.#
#........#
#........#
#.######.# #.# #.#
#.# #.# #@# #.#
#.@.......
########.#


You could see Terence.

Vanquished Creatures
  4 ball pythons (D:1)
  2 endoplasms (D:1)
  A goblin (D:1)
  2 hobgoblins (D:1)
  A kobold (D:1)
  A quokka (D:1)
  A bat (D:1)
  2 frilled lizards (D:1)
  5 rats (D:1)
19 creatures vanquished.

Notes
Turn   | Place    | Note
-------+----------+-------------------------------------------
     0 | D:1      | qw the Spriggan Hunter began the quest for the Orb.
     0 | D:1      | Reached XP level 1. HP: 10/10 MP: 2/2
     0 | D:1      | 0 ||| qw: Version: 0.3-a-157-g843a77d
     0 | D:1      | 0 ||| qw: Game counter: 3938
     0 | D:1      | 0 ||| qw: Melee chars always use a shield: true
     0 | D:1      | 0 ||| qw: God list: Okawaru
     0 | D:1      | 0 ||| qw: Allow faded altars: false
     0 | D:1      | 0 ||| qw: Do Orc after clearing Dungeon:15 true
     0 | D:1      | 0 ||| qw: Do second Lair branch before Depths: true
     0 | D:1      | 0 ||| qw: Lair rune preference: random
     0 | D:1      | 0 ||| qw: Goals: Normal
     0 | D:1      | 0 ||| PLANNING D:1-11
    48 | D:1      | Reached skill level 3 in Dodging
    82 | D:1      | Reached XP level 2. HP: 14/14 MP: 3/3
   260 | D:1      | 260 ||| READING 3 scrolls labelled QOIZOT XOVUC.
   261 | D:1      | 261 ||| READING scroll labelled USACHAI HEH NIPN.
   261 | D:1      | 261 ||| IDENTIFYING fizzy dark potion
   262 | D:1      | 262 ||| DROPPING scroll of butterflies.
   263 | D:1      | 263 ||| DROPPING potion of attraction.
   264 | D:1      | 264 ||| DROPPING 2 scrolls of revelation.
   453 | D:1      | Found a faded altar of an unknown god.
   464 | D:1      | 464 ||| READING scroll of identify.
   464 | D:1      | 464 ||| IDENTIFYING scroll labelled RAOKYU ININTIF
   465 | D:1      | 465 ||| READING scroll of brand weapon.
   465 | D:1      | 465 ||| BRANDING +0 shortbow.
   476 | D:2      | Found Fyokifua's Magic Scroll Shoppe.
   493 | D:2      | 493 ||| SHOPLISTING scroll of enchant armour (82 gold, have
                  | 73).
   493 | D:2      | 493 ||| BUYING scroll of identify (22 gold).
   493 | D:2      | Bought a scroll of identify for 22 gold pieces
   493 | D:2      | 493 ||| BUYING scroll of teleportation (33 gold).
   493 | D:2      | Bought a scroll of teleportation for 33 gold pieces
   505 | D:2      | Noticed Terence
   518 | D:2      | Slain by Terence

Levels and vault maps discovered:
D:1:      tarquinn_simple_flora_water_c, layout_basic,
          dreamdust_ecumenical_altar_angels_and_demons, feat_on_display
D:2:      layout_basic, serial_shops, shop_coins, uniq_terence

Skill      XL: |  1  2 |
---------------+-------+-----
Dodging        | 3 4 |  4.0
Fighting       | |  1.5
Ranged Weapons | |  4.2
Stealth        | |  1.5

Action                     || total
---------------------------++-------
   Fire: Shortbow          ||    56
    Use: Scroll            ||     4
 Armour: Robe              ||     8
  Dodge: Dodged            ||    21

Table legend:
 A = Non-vault XP
 B = Vault XP
 C = Vault XP percentage of total XP
 D = Non-vault monster count
 E = Vault monster count
 F = Vault count percentage of total count
                 A         B        C        D         E       F
            +---------+---------+-------+---------+---------+-------
      Total |      28 |       0 |   0.0 |      19 |       0 |   0.0
            +---------+---------+-------+---------+---------+-------
        D:1 |      28 |       0 |   0.0 |      19 |       0 |   0.0
            +---------+---------+-------+---------+---------+-------
